 Dungeon Crawl Stone Soup version 0.17-a0-1880-gacf7e67 (webtiles) character file.

408 shakdrar the Poker (level 6, -1/37 HPs)
             Began as a Tengu Fighter on Sept 21, 2015.
             Slain by a slave (4 damage)
             ... led by Pikel
             ... on level 4 of the Dungeon.
             The game lasted 00:11:10 (2765 turns).

shakdrar the Poker (Tengu Fighter)                  Turns: 2765, Time: 00:11:10

Health: -1/37      AC: 13    Str: 18    XL:     6   Next: 88%
Magic:  7/7        EV:  3    Int:  9    God:
Gold:   78         SH:  9    Dex: 13    Spells: 0 memorised, 5 levels left

rFire  . . .     SeeInvis +     a - +0 trident
rCold  . . .     Clarity  .     n - +0 plate armour
rNeg   . . .     SustAt   .     c - +0 shield
rPois  .         Gourm    .     (helmet restricted)
rElec  .         Spirit   .     A - +0 cloak
rCorr  .         Warding  .     (no gloves)
rMut   .         Stasis   .     (boots unavailable)
MR     .....                    (no amulet)
Stlth  ..........               (no ring)
                                k - ring of see invisible

@: not resistant to hostile enchantments, extremely unstealthy
A: beak, talons 3, able to fly 1
a: Fly


You were on level 4 of the Dungeon.
You were not hungry.

You visited 1 branch of the dungeon, and saw 4 of its levels.

You collected 78 gold pieces.

Inventory:

Hand weapons
 a - a +0 trident (weapon)
 s - a +0 blowgun
Missiles
 t - 18 poisoned needles
Armour
 b - a +0 scale mail
 c - a +0 shield (worn)
 n - a +0 plate armour (worn)
 A - a +0 cloak (worn)
Jewellery
 k - a ring of see invisible (left hand)
Scrolls
 i - a scroll of fog {unknown}
 j - 2 scrolls of remove curse {unknown}
 l - a scroll of teleportation {unknown}
 p - 3 scrolls of identify {unknown}
 r - a scroll of fear {unknown}
 v - a scroll of amnesia {unknown}
 w - 2 scrolls of blinking {unknown}
 x - a scroll of immolation {unknown}
 y - 2 scrolls of random uselessness {unknown}
Potions
 d - 2 potions of might
 f - 2 potions of curing {unknown}
 g - 2 potions of agility {unknown}
 h - 2 potions of mutation {unknown}
Comestibles
 e - a bread ration
 m - a beef jerky
 o - a slice of pizza
 q - a royal jelly
 u - a meat ration


   Skills:
 - Level 3.0 Fighting
 * Level 5.5 Polearms
 + Level 5.1 Armour
 + Level 4.6 Shields


You had 5 spell levels left.
You didn't know any spells.

Dungeon Overview and Level Annotations

Branches:
Dungeon (4/15)
 Temple: D:4-7

Altars:
Elyvilon

Annotations:
D:2 Sigmund
D:4 Pikel


Innate Abilities, Weirdness & Mutations

You have a beak for a mouth.
You have claws for feet.
You can fly.


Message History

You block the slave's attack. The slave hits you but does no damage.
The slave hits you but does no damage. The slave hits you.
Pikel hits you but does no damage.
Your shield and plate armour prevent you from hitting Pikel.
Your kick misses Pikel. Your peck misses Pikel.
Pikel is lightly wounded.
You block the slave's attack. The slave hits you but does no damage.
You block the slave's attack. The slave hits you but does no damage.
Pikel hits you but does no damage. The slave hits you.
You hit Pikel but do no damage. You claw Pikel. Your peck misses Pikel.
Pikel is lightly wounded.
You block the slave's attack. The slave hits you.
* * * LOW HITPOINT WARNING * * *
The slave barely misses you. Pikel hits you with a whip of freezing.
* * * LOW HITPOINT WARNING * * *
Pikel freezes you.
* * * LOW HITPOINT WARNING * * *
The slave hits you but does no damage. x2
The slave hits you.
You die...

...≈...#...#...........#
...≈.......#...........##
..≈≈≈≈...####.[.........#
...≈.......# ........##..
...≈.......# #..#### ###
...........## ## #
......[.l...# #
.......ppK..# #
.......p@p.## #
............# #
................ #
.?.............. .
................
.........#######
##......## #####.#


You could see Pikel, 4 slaves and a giant newt.

Vanquished Creatures
  The ghost of mcbry74 the Sneak, an average SpAs of Fedhas (D:3)
  A scorpion (D:4)
  2 hounds (D:4)
  A giant frog skeleton (D:4)
  An iguana (D:4)
  Crazy Yiuf (D:4)
  An orc wizard (D:4)
  2 adders (D:3)
  3 oozes
  A worm (D:3)
  3 giant geckos
  8 orcs
  A ball python (D:1)
  6 bats
  2 giant cockroaches (D:4)
  6 goblins
  9 hobgoblins
  5 jackals
  8 kobolds
  2 quokkas
  3 giant newts
  7 rats
74 creatures vanquished.

Vanquished Creatures (others)
  A quokka (D:4)
1 creature vanquished.

Grand Total: 75 creatures vanquished

Notes
Turn   | Place    | Note
--------------------------------------------------------------
     0 | D:1      | shakdrar the Tengu Fighter began the quest for the Orb.
     0 | D:1      | Reached XP level 1. HP: 14/14 MP: 2/2
    55 | D:1      | Reached XP level 2. HP: 16/19 MP: 3/3
   244 | D:1      | Reached XP level 3. HP: 20/23 MP: 4/4
   690 | D:2      | Noticed Sigmund
   791 | D:3      | Noticed mcbry74's ghost (average SpAs)
   825 | D:3      | Killed mcbry74's ghost
   825 | D:3      | Reached skill level 4 in Polearms
   825 | D:3      | Reached XP level 4. HP: 19/28 MP: 5/5
   975 | D:3      | Found a white marble altar of Elyvilon.
  1186 | D:3      | Gained mutation: You can fly. [Tengu growth]
  1186 | D:3      | Reached XP level 5. HP: 32/32 MP: 6/6
  2150 | D:4      | Reached XP level 6. HP: 32/37 MP: 7/7
  2201 | D:4      | Noticed Crazy Yiuf
  2213 | D:4      | Killed Crazy Yiuf
  2397 | D:4      | Reached skill level 5 in Polearms
  2458 | D:4      | Reached skill level 5 in Armour
  2752 | D:4      | Noticed a slave
  2753 | D:4      | Noticed a slave
  2754 | D:4      | Noticed a slave
  2754 | D:4      | Noticed Pikel
  2754 | D:4      | Noticed a slave
  2765 | D:4      | Slain by a slave

Vault maps used:
D:1:      eino_arrival_water_cross
D:2:      tgw_fedhas, uniq_robin, uniq_natasha, uniq_sigmund, uniq_iyjb
D:3:      elyvilon_altar_4, kennysheep_generic_room_13
D:4:      hangedman_ru_absence, uniq_crazy_yiuf_cottage, uniq_pikel

Action                   |  1- 3 |  4- 6 || total
-------------------------+-------+-------++-------
Melee: Trident           |    99 |   202 ||   301
  Eat: Chunk             |       |     7 ||     7
